 Dungeon Crawl Stone Soup version 0.31-a0-277-g31ea1f65cc (webtiles) character file.

Game seed: 15553154695347474077

66 Zonian the Changeling (level 3, -2/16 HPs)
             Began as a Felid Shapeshifter on July 15, 2023.
             Slain by a worm (10 damage)
             ... on level 2 of the Dungeon.
             The game lasted 00:02:26 (1945 turns).

Zonian the Changeling (Felid Shapeshifter)          Turns: 1945, Time: 00:02:27

Health: -2/16      AC:  1    Str: 13    XL:     3   Next: 96%
Magic:  4/4        EV: 18    Int:  9    God:
Gold:   95         SH:  0    Dex: 16    Spells: 2/2 levels left
                                        Lives:  0   Deaths: 0

rFire   . .          .
                       - Unarmed
rCold   . . .        (shield unavailable)
rNeg    . . .        (body armour unavailable)
rPois   .            (helmet unavailable)
rElec   .            (cloak unavailable)
rCorr   .            (gloves unavailable)
SInv    +            (boots unavailable)
Will    .....        (no amulet)
Stlth   +            (no ring)
HPRegen 0.22/turn    (no ring)
MPRegen 0.09/turn

%: no passive effects
@: beast-form, quick
A: beast (slay +2), very small, claws 1, fangs 3, see invisible, speed 1, shaggy
fur 1, stealthy paws, no weapons or thrown items, no armour, multi-lived
a: Begin Untransformation


You were on level 2 of the Dungeon.
You were a hulking beast.
You visited 1 branch of the dungeon, and saw 2 of its levels.

You collected 95 gold pieces.

Inventory:

Talismans
 b - a beast talisman
 c - a beast talisman
Wands
 l - a wand of mindburst (14)
Scrolls
 d - a scroll of brand weapon {unknown}
 e - 2 scrolls of teleportation {unknown}
 f - 2 scrolls of enchant weapon {unknown}
 k - a scroll of identify {unknown}
Potions
 a - 2 potions of lignification
 g - 2 potions of degeneration {unknown}
 h - 2 potions of attraction {unknown}
 i - a potion of mutation {unknown}
 j - a potion of might {unknown}


   Skills:
 + Level 2.7 Fighting
 + Level 3.6 Dodging
 + Level 2.7 Unarmed Combat
 + Level 3.7 Shapeshifting


You had 2 spell levels left.
You didn't know any spells.
Your spell library contained the following spells:

 Spells                   Type           Power      Damage    Failure   Level
 Magic Dart               Conj           0%         1d3       38%         1
 Call Imp                 Summ           0%         N/A       52%         2
 Mephitic Cloud           Conj/Pois/Air  0%         N/A       77%         3


Dungeon Overview and Level Annotations

Branches:
Dungeon (2/15)

Altars:
Zin

Shops:
D:1 [(


Innate Abilities, Weirdness & Mutations

You are a hulking beast.
Your limbs bulge with bestial killing power. (Slay +2)
You have sharp claws.
You have razor-sharp teeth.
You have supernaturally acute eyesight. (SInv)
You cover ground quickly. (Speed+)
You are covered in fur. (AC +1)
Your paws help you pounce on unaware monsters.
You are incapable of wielding weapons or throwing items.
You cannot wear armour.
You gain extra lives every three experience levels.


Message History

You barely miss the goblin. The goblin barely misses you.
You scratch the goblin but do no damage.
You bite the goblin.
You kill the goblin!
You scratch the goblin.
You kill the goblin!
No target in view!
No target in view!
k - a scroll labelled OVVUNELILA You open the door.
There is an open door here.
There is an open door here.
There is an open door here.
Found 3 large rocks.
Unknown command.
There is a glowing silver altar of Zin here.
Found a whip.
You see here a +0 whip.
Found a stone staircase leading down.
Unknown command.
l - a wand of mindburst (14) Unknown command.
You open the door.
There is an open door here.
A worm comes into view.
A worm is nearby!
Unknown command.
You scratch the worm.
The worm is moderately wounded.
The worm bites you!
Ouch! That really hurt!
You are too injured to fight recklessly!
You are too injured to fight recklessly!
You are too injured to fight recklessly!
Unknown command.
You claw the worm!
The worm is severely wounded.
The worm bites you!
Ouch! That really hurt!
You die...

#.# #.....#..#.#### #.#
#.....#..#.#... #.#
#.....#..#.#..# #.#
#.....#..#.##.#
##.######.....#.##.....
#.......'.....#.......#
#########..[....†......
#########.....#########
#....wh.......#........
##############....#####
#.................#
##.####...........#
#.................#
######............#
#.######.....#
#.######.....#
#.....†......#


You could see a worm.

Vanquished Creatures
  3 adders (D:2)
  A worm (D:2)
  A dart slug (D:1)
  3 endoplasms
  A giant cockroach (D:2)
  5 hobgoblins
  A ball python (D:1)
  4 bats
  5 frilled lizards
  5 goblins
  2 kobolds (D:1)
  7 rats
38 creatures vanquished.

Notes
Turn   | Place    | Note
-------+----------+-------------------------------------------
     0 | D:1      | Zonian the Felid Shapeshifter began the quest for the Orb.
     0 | D:1      | Reached XP level 1. HP: 9/9 MP: 2/2
   108 | D:1      | Found Raawecw's Armour Boutique.
   195 | D:1      | Reached XP level 2. HP: 13/13 MP: 3/3
   575 | D:1      | Found Kicuopp's Weapon Boutique.
  1180 | D:2      | Reached XP level 3. HP: 10/16 MP: 4/4
  1640 | D:2      | Found a faded altar of an unknown god.
  1827 | D:2      | Found a glowing silver altar of Zin.
  1945 | D:2      | Slain by a worm

Illustrated notes

Levels and vault maps discovered:
D:1:      saegor_arrival_fortress, layout_basic, serial_shops, shop,
          nicolae_square_shop, serial_bayou_pond_a
D:2:      layout_basic, shapermc_ecumenical_altar_mp_ritualfount, basic_altar,
          guppyfry_early_lair_pool

Skill      XL: |  1 |
---------------+----+-----
Dodging        | 3 |  3.6
Fighting       | |  2.7
Unarmed Combat | |  2.7
Shapeshifting  | |  3.7

Action                     || total
---------------------------++-------
  Melee: Unarmed           ||   103
         Punch             ||     2
         Bite              ||     6
 Armour: Skin              ||     2
  Dodge: Dodged            ||    68

Table legend: (Time is in decaauts)
 A = Elapsed time spent in this place.
 B = Non-inter-level travel time spent in this place.
 C = Inter-level travel time spent in this place.
 D = Time resting spent in this place.
 E = Time spent auto-exploring this place.
 F = Levels seen in this place.
 G = Mean time per level.
                   A        B        C        D        E       F      G
               +--------+--------+--------+--------+--------+-----+--------+
         Total |   1693 |   1682 |     11 |    469 |    926 |   2 |  846.5 |
       Dungeon |   1693 |   1682 |     11 |    469 |    926 |   2 |  846.5 |
               +--------+--------+--------+--------+--------+-----+--------+

Top non-repeatable levels by time:
     D:2: 1078 daAuts
     D:1: 615 daAuts
